 Dungeon Crawl Stone Soup version 0.32-a0-876-gcfddb08e57 (webtiles) character file.

Game seed: 315683763720676241

14142 Autsider the Destroyer (level 11, 63/63 HPs)
             Began as a Deep Elf Hedge Wizard on Mar 31, 2024.
             Was a High Priest of Sif Muna.
             Quit the game on level 1 of the Lair of Beasts on Apr 1, 2024.
             The game lasted 00:58:36 (17422 turns).

Autsider the Destroyer (Deep Elf Hedge Wizard)     Turns: 17422, Time: 00:58:37

Health: 63/63      AC:  9    Str:  7    XL:     11   Next: 84%
Magic:  17/21      EV: 13    Int: 24    God:    Sif Muna [*****.]
Gold:   946        SH:  0    Dex: 14    Spells: 6/21 levels left

rFire   . . .        (no weapon)
rCold   + . .        (no shield)
rNeg    . . .        b - +0 robe
rPois   .            D - +1 hat {Will+}
rElec   .            C - +1 cloak
rCorr   .            r - +0 pair of gloves
SInv    .            E - +2 pair of boots
Will    ++...        (no amulet)
Stlth   +++          H - ring of wizardry
HPRegen 0.30/turn    o - ring of protection from cold
MPRegen 0.17/turn

%: wizardry (x1)
@: no status effects
A: no striking features
a: Renounce Religion, Channel Magic, Forget Spell, Divine Exegesis


You were on level 1 of the Lair of Beasts.
You worshipped Sif Muna.
Sif Muna was extremely pleased with you.
You visited 3 branches of the dungeon, and saw 13 of its levels.

You collected 946 gold pieces.

Inventory:

Armour
 b - a +0 robe (worn)
 r - a +0 pair of gloves (worn)
 s - a +2 leather armour of positive energy
 C - a +1 cloak (worn)
 D - a +1 hat of willpower (worn)
 E - a +2 pair of boots (worn)
Magical Staves
 G - a staff of fire
Jewellery
 g - a ring of magical power
 o - a ring of protection from cold (right hand)
 p - an amulet of guardian spirit
 u - a +6 ring of intelligence
 A - a ring of protection from cold
 H - a ring of wizardry (left hand)
Wands
 k - a wand of flame (5)
 y - a wand of digging (7)
 B - a wand of warping (25)
 F - a wand of mindburst (9)
Scrolls
 c - 3 scrolls of identify
 e - 5 scrolls of fear
 f - 2 scrolls of noise
 m - a scroll of poison
 n - 2 scrolls of revelation
 q - a scroll of amnesia
 w - a scroll of enchant weapon
 x - 9 scrolls of teleportation
 z - a scroll of immolation
 J - a scroll of fog
Potions
 a - a potion of haste
 d - 2 potions of magic
 h - 5 potions of curing
 i - 2 potions of brilliance
 j - 2 potions of mutation
 l - a potion of attraction
 t - 3 potions of berserk rage
 v - 2 potions of cancellation


   Skills:
 - Level 5.0 Fighting
 - Level 5.0 Dodging
 + Level 4.6 Stealth
 + Level 5.8 Spellcasting
 + Level 11.2 Conjurations
 + Level 11.1 Summonings
 - Level 1.1 Translocations
 - Level 5.0 Air Magic
 + Level 7.5 Earth Magic
 - Level 3.0 Alchemy
 - Level 5.0 Invocations


You had 6 spell levels left.
You knew the following spells:

 Your Spells              Type           Power      Damage    Failure   Level
a - Magic Dart            Conj           100%       1d8       1%          1
b - Mephitic Cloud        Conj/Alch/Air  37%        N/A       1%          3
c - Lee's Rapid Deconstr  Erth           21%        3d12*     4%          5
A - Call Imp              Summ           100%       N/A       1%          2
B - Summon Lightning Spi  Summ/Air       45%        N/A       1%          4

Your spell library contained the following spells:

 Spells                   Type           Power      Damage    Failure   Level
 Cigotuvi's Dreadful Rot  Necr/Alch/Air  38%        N/A       1%          2
 Animate Armour           Summ/Erth      100%       N/A       1%          4
 Necrotise                Necr           24%        1d5       3%          1
 Slow                     Hex            24%        N/A       3%          1
 Blink                    Tloc           24%        N/A       3%          2
 Martyr's Knell           Necr/Summ      33%        N/A       3%          4
 Arcjolt                  Conj/Air       22%        1d32      3%          5
 Sublimation of Blood     Necr           6%         N/A       4%          2
 Petrify                  Alch/Erth      32%        N/A       4%          4
 Irradiate                Conj/Alch      20%        3d18      4%          5
 Vampiric Draining        Necr           6%         2d6       10%         3
 Olgreb's Toxic Radiance  Alch           21%        N/A       10%         4
 Maxwell's Portable Pile  Tloc           12%        2d(7-13)  21%         4
 Curse of Agony           Necr           6%         N/A       63%         5
 Ozocubu's Refrigeration  Ice            3%         4d8       100%        7
 Discord                  Hex            3%         N/A       100%        8
 Maxwell's Capacitive Co  Air            15%        ∞         100%        8


Dungeon Overview and Level Annotations

Branches:
Dungeon (11/15)            Temple (1/1) D:6            Lair (1/5) D:11
    Orc (0/2) D:10

Altars:
Ashenzari
Cheibriados
Dithmenos
Elyvilon
Fedhas
Gozag
Hepliaklqana
Kikubaaqudgha
Makhleb
Nemelex Xobeh
Okawaru
Qazlal
Ru
Sif Muna
Trog
Uskayaw
Vehumet
Wu Jian
Xom
Yredelemnul
Zin
The Shining One
Beogh

Annotations:
D:1 exclusion: 3 downstairs, Terence
D:2 exclusion: downstairs
D:6 exclusion: downstairs
D:8 6 runed translucent doors, exclusion: 2 downstairs
D:9 exclusion: downstairs
D:10 3 runed translucent doors, zurenarrh's ghost, journeyman MDFE


Message History

The water moccasin bites your lightning spire but does no damage.
Your lightning spire shoots out a bolt of lightning at the water moccasin!
The bolt of electricity hits the water moccasin!
The water moccasin dies!
Sif Muna accepts your kill.
You now have 946 gold pieces (gained 7).
You pick up Maxwell's Memoranda and begin reading...
You add the spells Maxwell's Portable Piledriver, Arcjolt and Maxwell's Capacitive Coupling to your library.
Okay, then.
Your lightning spire disappears in a puff of smoke!
Found a ring mail.
Search for what [Enter for "sinv", or ? for help]? .
Search for what [Enter for "."]? orb Can't find anything matching that.
As you read the scroll labelled OSIUMA XING, it crumbles to dust.
It is a scroll of brand weapon.
You aren't carrying any weapons that can be branded.
Okay, then.
Unknown command.
Welcome back, Autsider the Deep Elf Hedge Wizard.
Sif Muna whispers: I know many secrets...
Press ? for a list of commands and other information.
A death yak comes into view.
A death yak is nearby!
Cast which spell? (? or * to list)
You can't see any susceptible monsters within range! (Use Z to cast anyway.) Cast which spell? (? or * to list)
An electric hum fills the air.
The death yak bellows!
A death yak comes into view.
Your lightning spire shoots out a bolt of lightning at the death yak!
The bolt of electricity hits the death yak!
A death yak comes into view.
Your lightning spire shoots out a bolt of lightning at the death yak!
The bolt of electricity hits the death yak! x2
A death yak comes into view. x2
Welcome back, Autsider the Deep Elf Hedge Wizard.
Sif Muna whispers: I know many secrets...
Press ? for a list of commands and other information.
Are you sure you want to abandon this character and quit the game? (Confirm with "yes".)

#...P.P...# ##^
#.P.P...# ## #.P.P...# #
#.....####
###......#########
#................. .####
#.................
......#.................
.....I.@........#....##.
##..................###.
.....YP.........#...# #.
+.#..........#.##...###.
# #Y...PPPPPP........##.
..Y..PPPPPPPP......###.
.Y.Y..P P.P..P.#....# #.
..#... PP..PPP.....###.
PPP..PP........


You could see 5 death yaks and a friendly lightning spire (summoned).

Vanquished Creatures
  Psyche (D:10)
  A kobold demonologist (D:10)
  3 yaks
  A wyvern (D:9)
  2 vampire mosquitoes
  An ice beast (D:6)
  A sky beast (D:7)
  A black bear (D:6)
  2 ogres (D:5)
  A centaur (D:10)
  2 killer bees
  An electric eel (Lair:1)
  A howler monkey (D:4)
  2 jellies
  A bombardier beetle (D:4)
  2 hounds (D:5)
  2 gnoll boudas (D:6)
  3 sleepcaps
  2 iguanas
  4 orc wizards
  12 gnolls
  2 adders
  5 shadow imps
  A white imp (D:6)
  An ufetubus (D:5)
  A dart slug (D:2)
  2 ribbon worms (D:4)
  30 orcs
  7 ball pythons
  12 bats
  5 endoplasms
  A giant cockroach (D:3)
  5 goblins
  6 hobgoblins
  6 kobolds
  7 quokkas
  10 frilled lizards
  4 rats
151 creatures vanquished.

Vanquished Creatures (collateral kills)
  A boulder beetle (D:11)
  3 two-headed ogres
  A cyclops (D:11)
  An ugly thing (D:11)
  A black mamba (Lair:1)
  Maurice (D:7)
  2 cane toads (Lair:1)
  A kobold demonologist (D:10)
  2 komodo dragons
  A troll (D:10)
  A hornet (D:10)
  2 jumping spiders (D:8)
  3 wyverns (D:9)
  A wraith (D:11)
  5 yaks
  3 vampire mosquitoes (D:11)
  2 acid dragons
  4 water moccasins
  5 orc warriors
  2 ice beasts
  3 centaurs
  6 kobold brigands
  2 bullfrogs
  The ghost of picklenugget the Grasshopper, an amateur FeWr (D:4)
  A scorpion (D:5)
  A gnoll sergeant (D:9)
  A wight (D:9)
  12 killer bees
  5 howler monkeys
  A hound (D:6)
  8 orc priests
  2 jellies (D:7)
  3 gnoll boudas
  3 iguanas
  4 sleepcaps
  4 orc wizards
  12 gnolls
  2 adders
  An ufetubus (D:5)
  A ribbon worm (D:3)
  30 orcs
  A quokka (D:5)
  A frilled lizard (D:9)
  21 kobolds
168 creatures vanquished.

Grand Total: 319 creatures vanquished

Notes
Turn   | Place    | Note
-------+----------+-------------------------------------------
     0 | D:1      | Autsider the Deep Elf Hedge Wizard began the quest for the
                  | Orb.
     0 | D:1      | Reached XP level 1. HP: 10/10 MP: 7/7
   517 | D:1      | Reached XP level 2. HP: 15/15 MP: 2/9
  1188 | D:2      | Noticed Terence
  1194 | D:1      | Learned a level 2 spell: Call Imp
  1255 | D:2      | Reached skill level 1 in Air Magic
  1491 | D:2      | Reached skill level 1 in Alchemy
  1833 | D:2      | Reached XP level 3. HP: 19/19 MP: 10/10
  2878 | D:2      | Reached XP level 4. HP: 24/24 MP: 12/12
  3318 | D:3      | Learned a level 3 spell: Mephitic Cloud
  3461 | D:3      | Found a roughly hewn altar of Beogh.
  3587 | D:3      | Reached XP level 5. HP: 10/28 MP: 13/13
  4377 | D:3      | Reached XP level 6. HP: 23/32 MP: 14/14
  4767 | D:4      | Noticed an ice beast
  4783 | D:4      | Found a runed translucent gate.
  4783 | D:4      | Found a runed translucent gate.
  4784 | D:4      | Noticed picklenugget's ghost (amateur FeWr)
  4785 | D:4      | Found a runed translucent gate.
  6015 | D:4      | Killed an ice beast
  6016 | D:4      | Reached XP level 7. HP: 36/36 MP: 15/15
  6097 | D:5      | Entered Level 5 of the Dungeon
  6415 | D:5      | Reached skill level 1 in Fighting
  6415 | D:5      | Reached skill level 5 in Conjurations
  6415 | D:5      | Reached skill level 5 in Summonings
  7147 | D:6      | Found a staircase to the Ecumenical Temple.
  7163 | Temple   | Entered the Ecumenical Temple
  7195 | Temple   | Became a worshipper of Sif Muna the Loreminder
  7418 | D:6      | Reached XP level 8. HP: 38/44 MP: 7/16
  8124 | D:6      | Reached * piety under Sif Muna
  8313 | D:7      | Noticed Maurice
  8419 | D:7      | Learned a level 4 spell: Summon Lightning Spire
  8704 | D:7      | Reached skill level 5 in Dodging
  8912 | D:7      | Killed Maurice
  8913 | D:7      | Reached skill level 5 in Air Magic
  8913 | D:7      | Reached XP level 9. HP: 51/51 MP: 13/17
  9937 | D:8      | Reached ** piety under Sif Muna
 10872 | D:8      | Found a runed translucent door.
 11019 | D:8      | Identified the +3 whip of the Everdark {antimagic, Int+3}
 11020 | D:8      | Found a runed translucent gate.
 11020 | D:8      | Found a runed translucent gate.
 11020 | D:8      | Found a runed translucent gate.
 11020 | D:8      | Found a runed translucent gate.
 11020 | D:8      | Found a runed translucent gate.
 11020 | D:8      | Found a runed translucent gate.
 11020 | D:8      | Noticed a boulder beetle
 11020 | D:8      | Noticed a boulder beetle
 11020 | D:8      | Noticed a lindwurm
 11053 | D:8      | Reached skill level 5 in Fighting
 11053 | D:8      | Reached skill level 1 in Earth Magic
 11670 | D:9      | Found a bloodstained altar of Trog.
 11759 | D:9      | Reached XP level 10. HP: 59/59 MP: 2/18
 12590 | D:9      | Reached *** piety under Sif Muna
 12732 | D:9      | Reached skill level 1 in Invocations
 12923 | D:9      | Noticed a two-headed ogre
 12928 | D:9      | Killed a two-headed ogre
 12929 | D:9      | Reached skill level 5 in Earth Magic
 13021 | D:9      | Noticed a two-headed ogre
 13049 | D:9      | Killed a two-headed ogre
 13050 | D:9      | Reached skill level 10 in Conjurations
 13238 | D:9      | Reached skill level 10 in Summonings
 13452 | D:4      | Killed picklenugget's ghost
 13727 | D:10     | Entered Level 10 of the Dungeon
 13759 | D:10     | Reached XP level 11. HP: 49/63 MP: 19/19
 13991 | D:10     | Noticed a sun demon
 14185 | D:10     | Found a runed translucent gate.
 14185 | D:10     | Found a runed translucent gate.
 14185 | D:10     | Found a runed translucent gate.
 14186 | D:10     | Noticed a glowing orange brain
 14188 | D:10     | Noticed zurenarrh's ghost (journeyman MDFE)
 14219 | D:10     | Reached **** piety under Sif Muna
 14414 | D:10     | Noticed Psyche
 14415 | D:10     | Found a staircase to the Orcish Mines.
 14453 | D:10     | Killed Psyche
 15568 | D:11     | Noticed a boulder beetle
 15590 | D:11     | Killed a boulder beetle
 15780 | D:11     | Reached skill level 5 in Invocations
 15921 | D:11     | Learned a level 5 spell: Lee's Rapid Deconstruction
 15933 | D:11     | Reached ***** piety under Sif Muna
 16092 | D:11     | Noticed a green ugly thing
 16103 | D:11     | Killed a green ugly thing
 16211 | D:11     | Found a staircase to the Lair.
 16211 | D:11     | Noticed a two-headed ogre
 16219 | D:11     | Killed a two-headed ogre
 16220 | D:11     | Reached skill level 5 in Spellcasting
 16521 | Lair:1   | Entered Level 1 of the Lair of Beasts
 17416 | Lair:1   | Noticed a death yak
 17418 | Lair:1   | Noticed a death yak
 17419 | Lair:1   | Noticed a death yak
 17420 | Lair:1   | Noticed a death yak
 17420 | Lair:1   | Noticed a death yak
 17422 | Lair:1   | Quit the game

Illustrated notes

Levels and vault maps discovered:
D:1:      dpeg_arrival_chambers_temple_mockup, layout_basic, chequers_garden,
          corner_web_ring
D:2:      minmay_wonky_spiral, layout_loops_ring, nicolae_grassy_gnolls,
          uniq_terence
D:3:      kb_forest_paths, layout_basic, kennysheep_orc_chapel
D:4:      layout_loops_cross, gammafunk_ghost_nasty_kobolds
D:5:      cheibrodos_helix_gallery, layout_basic
D:6:      layout_rooms, minmay_temple_entry_stoned_glass, roderic_batcave
D:7:      hangedman_cross_stitches, layout_cave_pods, hangedman_decor_lopped,
          uniq_maurice
D:8:      gammafunk_indiana_jones, layout_basic, hangedman_decor_push
D:9:      minmay_s_stair_smasher, layout_irregular_city, lemuel_tele_altar,
          minmay_lizard_king
D:10:     layout_long_grid, hiddenorc2_lemuel, gammafunk_ghost_ooze, uniq_psyche
D:11:     layout_loops_corners, lair_entry_dummy, special_room
          [special_room_bee]
Temple:   minmay_crystal_snake_temple
Lair:1:   layout_gridlike, serial_forest, infiniplex_forest_split,
          infiniplex_forest_straight_3, infiniplex_forest_straight_2,
          infiniplex_forest_end_3, infiniplex_forest_end_3,
          infiniplex_forest_lined_3, infiniplex_forest_fountain,
          infiniplex_forest_clump_long, minivault_11, serial_bayou_shore_a

Skill      XL: |  1  2  3  4  5  6  7  8  9 10 11 |
---------------+----------------------------------+-----
Air Magic      | 1 2 3 5 |  5.0
Alchemy        | 1 2 3 |  3.0
Conjurations   | 2 3 4 5 6 8 10 11 | 11.2
Summonings     | 2 3 4 5 6 8 10 11 | 11.1
Dodging        | 4 5 |  5.0
Stealth        | 3 4 |  4.6
Fighting       | 2 3 5 |  5.0
Earth Magic    | 1 5 7 |  7.5
Invocations    | 3 5 |  5.0
Spellcasting   | 5 |  5.8
Translocations | |  1.1

Action                     |  1- 3 |  4- 6 |  7- 9 | 10-12 || total
---------------------------+-------+-------+-------+-------++-------
  Melee: Unarmed           |     5 |       |    12 |     7 ||    24
         Punch             |       |       |     1 |       ||     1
   Cast: Magic Dart        |    87 |   187 |   220 |   140 ||   634
         Call Imp          |    16 |    19 |    25 |    16 ||    76
         Mephitic Cloud    |       |     6 |    14 |       ||    20
         Summon Lightning  |       |       |    43 |    82 ||   125
  Evoke: Wand              |       |       |       |     1 ||     1
    Use: Scroll            |       |     6 |    11 |     3 ||    20
         Potion            |       |       |       |     2 ||     2
   Stab: Betrayed ally     |       |       |       |     1 ||     1
 Armour: Robe              |    18 |    30 |    59 |    99 ||   206
  Dodge: Dodged            |    22 |    39 |    55 |    71 ||   187

Table legend: (Time is in decaauts)
 A = Elapsed time spent in this place.
 B = Non-inter-level travel time spent in this place.
 C = Inter-level travel time spent in this place.
 D = Time resting spent in this place.
 E = Time spent auto-exploring this place.
 F = Levels seen in this place.
 G = Mean time per level.
                   A        B        C        D        E       F      G
               +--------+--------+--------+--------+--------+-----+--------+
         Total |  17458 |  16052 |   1406 |   3398 |   9548 |  13 | 1342.9 |
       Dungeon |  16484 |  15139 |   1345 |   3029 |   9137 |  11 | 1498.5 |
        Temple |     62 |      1 |     61 |      0 |      0 |   1 |   62.0 |
          Lair |    911 |    911 |      0 |    369 |    411 |   1 |  911.0 |
               +--------+--------+--------+--------+--------+-----+--------+

Top non-repeatable levels by time:
     D:9: 1975 daAuts
     D:1: 1834 daAuts
     D:8: 1752 daAuts
     D:4: 1723 daAuts
    D:10: 1624 daAuts
     D:7: 1572 daAuts
     D:3: 1460 daAuts
     D:2: 1311 daAuts
     D:6: 1167 daAuts
     D:5: 1110 daAuts
    D:11: 952 daAuts
  Lair:1: 911 daAuts
  Temple: 62 daAuts
